 Dungeon Crawl Stone Soup version 0.26-a0-611-g354ed81502 (webtiles) character file.

Game seed: 11350664573104623977

1550 goldorilmagnifico the Gouger (level 8, -4/32 HPs)
             Began as a Felid Transmuter on Sept 5, 2020.
             Was an Initiate of Elyvilon.
             Slain by Prince Ribbit (16 damage)
             ... on level 7 of the Dungeon.
             The game lasted 00:46:11 (17517 turns).

goldorilmagnifico the Gouger (Felid Transmuter)    Turns: 17517, Time: 00:46:11

Health: -4/32      AC:  2    Str:  6    XL:     8   Next: 57%
Magic:  13/16      EV: 25    Int: 15    God:    Elyvilon [......]
Gold:   384        SH:  0    Dex: 23    Spells: 5/16 levels left
                                        Lives:  0   Deaths: 2

rFire    . . .     SeeInvis +     - Unarmed
rCold    . . .     Faith    .   (shield unavailable)
rNeg     . . .     Spirit   .   (armour unavailable)
rPois    .         Reflect  .   (helmet unavailable)
rElec    .         Harm     .   (cloak unavailable)
rCorr    .                      (gloves unavailable)
MR       +....                  (boots unavailable)
Stlth    ++........             (no amulet)
HPRegen  0.10/turn              e - ring of poison resistance
MPRegen  0.15/turn              u - +4 ring of evasion

@: spider-form
A: tiny, no armour, no weapons or thrown items, stealth, see invisible
a: End Transformation, Renounce Religion


You were on level 7 of the Dungeon.
You worshipped Elyvilon.
Elyvilon was noncommittal.
You were a venomous arachnid creature.
You visited 1 branch of the dungeon, and saw 7 of its levels.
You also visited: Sewer.

You collected 384 gold pieces.

Inventory:

Jewellery
 e - a ring of poison resistance (left front leg)
 u - a +4 ring of evasion (right front leg)
 v - an uncursed ring of resist corrosion
Wands
 j - a wand of flame (19)
Scrolls
 b - 7 scrolls of teleportation
 c - 2 scrolls of remove curse
 d - 4 scrolls of fear
 h - a scroll of blinking
 o - a scroll of fog {unknown}
 p - a scroll of immolation {unknown}
 q - a scroll of magic mapping
 r - a scroll of amnesia {unknown}
 s - a scroll of random uselessness {unknown}
Potions
 f - 2 potions of lignification
 g - 4 potions of might
 i - a potion of brilliance
 l - 2 potions of ambrosia
 m - 2 potions of heal wounds
 n - a potion of cancellation
 t - a potion of curing
 w - a potion of flight


   Skills:
 - Level 1.0 Fighting
 - Level 3.0 Dodging
 - Level 1.2 Stealth
 + Level 9.3 Unarmed Combat
 + Level 4.8 Spellcasting
 * Level 7.7 Transmutations
 * Level 4.9 Poison Magic


You had 5 spell levels left.
You knew the following spells:

 Your Spells              Type           Power        Failure   Level
a - Beastly Appendage     Tmut           ####..       4%          1
b - Wereblood             Tmut           ####....     5%          2
c - Spider Form           Tmut/Pois      ###.......   12%         3
d - Blade Hands           Tmut           ####......   38%         5

Your spell library contained the following spells:

 Spells                   Type           Power        Failure   Level
 Shock                    Conj/Air       #...         36%         1
 Swiftness                Air            #.......     47%         2
 Ice Form                 Ice/Tmut       ###.....     54%         4
 Static Discharge         Conj/Air       #.......     67%         3
 Airstrike                Air            #.........   95%         4
 Lightning Bolt           Conj/Air       #.........   100%        5


Dungeon Overview and Level Annotations

Branches:
Dungeon (7/15)              Sewer (visited)
 Temple: D:4-7

Altars:
Elyvilon
Trog
Uskayaw
Yredelemnul

Annotations:
D:3 3 runed translucent doors, abdbla's ghost, amateur GnWz
D:7 Prince Ribbit


Innate Abilities, Weirdness & Mutations

You cannot wear armour.
You are incapable of wielding weapons or throwing items.
Your paws allow you to move quietly. (Stealth)
((You have sharp claws.))
((You have razor-sharp teeth.))
You have supernaturally acute eyesight. (SInv)
((You cover ground quickly.))
((You are covered in thick fur. (AC +2)))
((Your sharp claws are effective at attacking unaware monsters.))


Message History

Casting: Beastly Appendage (safe; 1% risk of failure)
Confirm with . or Enter, or press ? or * to list all spells.
Your horns disappear.
You turn into a venomous arachnid creature.
You climb downwards.
Level annotation: Prince Ribbit Prince Ribbit closely misses you. x2
There is a stone staircase leading up here.
You closely miss Prince Ribbit. Prince Ribbit hits you.
You barely miss Prince Ribbit. Prince Ribbit hits you!
Ouch! That really hurt!
You hit Prince Ribbit.
Prince Ribbit is lightly wounded.
Prince Ribbit hops awkwardly around.
Prince Ribbit completely misses you.
You bite Prince Ribbit!
Prince Ribbit is moderately wounded.
Prince Ribbit hits you!
Ouch! That really hurt!
You die...

#######.......... ....
###†###### ##.?. #....#
#..# ####.######.########
##### ###....#...>......#
#...#####......)..........#
#....##..................#
#.#....>................#
#............s..........#
###.##........F[........#
#..##.............)....#
##.#....................#
#....##..........$......#
#..####....>..###....####
##.## ######..# ###....
##..# ##.# #...# ##...#


You could see Prince Ribbit.

Vanquished Creatures
  An ice beast (D:7)
  2 eyes of draining (D:4)
  6 ogres
  A phantom (D:7)
  A sky beast (D:7)
  6 big kobolds (Sewer)
  3 bullfrogs (D:6)
  A water moccasin skeleton (D:4)
  A scorpion (D:7)
  A howler monkey (D:5)
  A bullfrog zombie (D:6)
  A quasit (D:5)
  3 hounds
  7 orc priests
  A jelly (D:5)
  14 orc wizards
  3 bullfrog skeletons
  2 iguanas
  4 worker ants
  A hound skeleton (D:4)
  A worker ant zombie (D:6)
  Robin (D:2)
  7 gnolls
  A howler monkey skeleton (D:4)
  5 river rats (Sewer)
  7 adders
  A white imp (D:6)
  4 oozes (Sewer)
  2 adder zombies
  3 worms
  A dart slug (D:1)
  6 leopard geckos
  28 orcs
  4 ball pythons
  6 bats
  9 giant cockroaches
  21 goblins
  4 hobgoblins
  4 jackals (D:3)
  9 kobolds
  2 quokkas
  6 frilled lizards
  A giant cockroach zombie (D:3)
  2 gnoll zombies (D:4)
  9 rats
204 creatures vanquished.

Notes
Turn   | Place    | Note
-------+----------+-------------------------------------------
     0 | D:1      | goldorilmagnifico the Felid Transmuter began the quest for
                  | the Orb.
     0 | D:1      | Reached XP level 1. HP: 9/9 MP: 4/4
   304 | D:1      | Reached XP level 2. HP: 10/12 MP: 6/6
  1665 | D:1      | Reached XP level 3. HP: 10/15 MP: 4/7
  2254 | D:2      | Reached skill level 4 in Unarmed Combat
  2551 | D:2      | Found a faded altar of an unknown god.
  2652 | D:2      | Reached skill level 1 in Stealth
  2660 | D:2      | Noticed Robin
  2704 | D:1      | Learned a level 2 spell: Wereblood
  2714 | D:2      | Killed Robin
  2714 | D:2      | Reached XP level 4. HP: 18/19 MP: 5/8
  2871 | D:2      | Noticed an ogre
  4123 | D:3      | Found a runed translucent gate.
  4123 | D:3      | Found a runed translucent gate.
  4133 | D:3      | Found a runed translucent gate.
  4136 | D:3      | Noticed abdbla's ghost (amateur GnWz)
  5215 | D:4      | Learned a level 3 spell: Spider Form
  5242 | D:3      | Reached XP level 5. HP: 22/22 MP: 5/9
  5786 | D:2      | Killed an ogre
  5877 | D:3      | Gained mutation: You are covered in thick fur. (AC +2)
                  | [Felid growth]
  5877 | D:3      | Reached XP level 6. HP: 11/25 MP: 7/11
  6062 | D:3      | Reached skill level 1 in Poison Magic
  6565 | D:3      | Found a hide-covered altar of Uskayaw.
  6778 | D:3      | Reached skill level 5 in Transmutations
  6885 | D:4      | Reached skill level 5 in Unarmed Combat
  7267 | D:4      | Reached XP level 7. HP: 28/28 MP: 8/13
  8350 | D:4      | Reached skill level 6 in Unarmed Combat
  9179 | D:4      | Found a bloodstained altar of Trog.
  9207 | D:4      | Reached XP level 8. HP: 30/32 MP: 0/14
 10004 | D:4      | Found a basalt altar of Yredelemnul.
 10173 | D:5      | Entered Level 5 of the Dungeon
 10227 | D:5      | Reached skill level 7 in Unarmed Combat
 10548 | D:5      | Found a glowing drain.
 10568 | Sewer    | Entered a sewer
 11182 | Sewer    | Slain by a river rat
 11183 | Sewer    | Reached XP level 7. HP: -1/28 MP: 14/14
 11761 | Sewer    | Reached skill level 8 in Unarmed Combat
 12109 | Sewer    | Reached XP level 8. HP: 28/32 MP: 11/15
 15256 | D:6      | Mangled by an ogre
 15257 | D:6      | Reached XP level 7. HP: -9/28 MP: 13/14
 15515 | D:6      | HP: 1/28 [bullfrog (5)]
 15524 | D:6      | HP: 1/28 [bullfrog (1)]
 15529 | D:6      | Reached XP level 8. HP: 2/32 MP: 14/16
 15895 | D:6      | Found a white marble altar of Elyvilon.
 15910 | D:6      | Reached skill level 9 in Unarmed Combat
 16186 | D:6      | Became a worshipper of Elyvilon the Healer
 17000 | D:7      | Learned a level 5 spell: Blade Hands
 17498 | D:7      | Noticed Prince Ribbit
 17517 | D:7      | Slain by Prince Ribbit

Illustrated notes

Levels and vault maps discovered:
D:1:      tarquinn_simple_flora_water_d, layout_loops_ring
D:2:      layout_basic, chequers_ecumenical_altar_simple, uniq_robin
D:3:      layout_rooms, marbit_many_paths, ebering_ghost_rock_garden,
          grunt_ministairs_6
D:4:      layout_cave_pods, trog_eyes_of_draining,
          lemuel_zombie_altar_yredelemnul, minmay_fractal_squares_gapless_5
D:5:      layout_basic, gup_sewer_entry_pipe,
          lightli_ossuary_entry_decrepit_ruins
D:6:      layout_basic, elyvilon_altar_3
D:7:      layout_rooms, minmay_temple_entry_proselytizer, uniq_prince_ribbit1

Skill      XL: |  1  2  3  4  5  6  7  8 |
---------------+-------------------------+-----
Unarmed Combat | 4 5 8 9 |  9.3
Stealth        | 1 |  1.2
Transmutations | 3 4 5 7 |  7.7
Dodging        | 3 |  3.0
Spellcasting   | 3 4 |  4.8
Poison Magic   | 1 2 4 |  4.9
Fighting       | |  1.0

Action                   |  1- 3 |  4- 6 |  7- 9 || total
-------------------------+-------+-------+-------++-------
Melee: Unarmed           |   136 |   156 |   509 ||   801
       Headbutt          |    12 |     9 |    14 ||    35
       Bite              |     8 |     9 |    24 ||    41
       Punch             |     1 |     1 |     2 ||     4
 Cast: Beastly Appendage |    23 |    13 |    14 ||    50
       Wereblood         |     1 |     7 |       ||     8
       Spider Form       |       |    10 |    36 ||    46
  Use: Potion            |     2 |       |       ||     2
       Scroll            |       |       |    14 ||    14
 Stab: Sleeping          |     2 |     1 |     5 ||     8
Armor: Skin              |     6 |     7 |    22 ||    35
Dodge: Dodged            |   109 |   132 |   401 ||   642

Table legend: (Time is in decaauts)
 A = Elapsed time spent in this place.
 B = Non-inter-level travel time spent in this place.
 C = Inter-level travel time spent in this place.
 D = Time resting spent in this place.
 E = Time spent auto-exploring this place.
 F = Levels seen in this place.
 G = Mean time per level.
                   A        B        C        D        E       F      G
               +--------+--------+--------+--------+--------+-----+--------+
         Total |  16605 |  16548 |     57 |  10275 |   3019 |   8 | 2075.6 |
       Dungeon |  14156 |  14099 |     57 |   8612 |   2639 |   7 | 2022.3 |
         Sewer |   2449 |   2449 |      0 |   1663 |    379 |   1 | 2449.0 |
               +--------+--------+--------+--------+--------+-----+--------+

Top non-repeatable levels by time:
     D:4: 3060 daAuts
     D:3: 2882 daAuts
     D:6: 2679 daAuts
   Sewer: 2449 daAuts
     D:1: 1941 daAuts
     D:2: 1629 daAuts
     D:5: 1450 daAuts
     D:7: 511 daAuts
